 Dungeon Crawl Stone Soup version 0.21.1-1-g345015fe64 (webtiles) character file.

310 Oravi the Changer (level 6, 0/43 HPs)
             Began as a Merfolk Transmuter on Apr 18, 2018.
             Succumbed to a killer bee's poison
             ... on level 3 of the Dungeon.
             The game lasted 00:06:37 (2448 turns).

Oravi the Changer (Merfolk Transmuter)              Turns: 2448, Time: 00:06:38

Health: 0/43       AC:  2    Str: 10    XL:     6   Next: 41%
Magic:  9/9        EV: 22    Int: 14    God:
Gold:   89         SH:  0    Dex: 20    Spells: 3/9 levels left

rFire    . . .     SeeInvis .     - Unarmed
rCold    . . .     Gourm    .   (shield currently unavailable)
rNeg     . . .     Faith    .   (armour currently unavailable)
rPois    x         Spirit   .   (helmet currently unavailable)
rElec    .         Reflect  .   (cloak currently unavailable)
rCorr    .         Harm     .   (gloves currently unavailable)
MR       .....                  (boots currently unavailable)
Stlth    ++........             (no amulet)
HPRegen  0.14/turn              (no ring)
MPRegen  0.11/turn              (no ring)

@: lethally poisoned (0 -> -7), spider-form, hasted, very quick
A: tiny, (change form in water), (swift swim), (stealthy swim)
a: End Transformation


You were on level 3 of the Dungeon.
You were not hungry.
You were a venomous arachnid creature.
You visited 1 branch of the dungeon, and saw 3 of its levels.

You collected 89 gold pieces.

Inventory:

Missiles
 a - 46 arrows
Armour
 b - a +0 robe (melded)
 j - a +0 pair of boots (melded)
Scrolls
 h - a scroll of remove curse
 i - a scroll of teleportation
 k - a scroll of identify
Potions
 e - a potion of haste
 f - 2 potions of flight
Books
 c - a book of Changes

   Spells                             Type                      Level
   a - Beastly Appendage              Transmutation                1
   b - Sticks to Snakes               Transmutation                2
   c - Spider Form                    Transmutation/Poison         3
   d - Ice Form                       Ice/Transmutation            4
   e - Blade Hands                    Transmutation                5
Comestibles
 d - 4 rations
 g - 4 chunks of flesh


   Skills:
 + Level 1.2 Fighting
 + Level 4.0 Dodging
 + Level 4.8 Unarmed Combat
 - Level 2.0 Spellcasting
 * Level 5.5 Transmutations
 * Level 3.2 Poison Magic


You had 3 spell levels left.
You knew the following spells:

 Your Spells              Type           Power        Failure   Level  Hunger
a - Beastly Appendage     Tmut           ###...       10%         1    ##.....
b - Sticks to Snakes      Tmut           ###.....     12%         2    ###....
c - Spider Form           Tmut/Pois      ##........   28%         3    ####...


Dungeon Overview and Level Annotations

Branches:
Dungeon (3/15)

Altars:
Elyvilon
The Shining One

Annotations:
D:3 tensugalgo's ghost, amateur BaFi


Message History

You feel sick.
You kill the killer bee!
Your Poison Magic skill increases to level 3!
You feel yourself speed up.
* * * LOW HITPOINT WARNING * * *
You feel sick.
* * * LOW HITPOINT WARNING * * *
You feel sick.
* * * LOW HITPOINT WARNING * * *
You feel sick.
* * * LOW HITPOINT WARNING * * *
You feel sick.
* * * LOW HITPOINT WARNING * * *
You feel sick.
* * * LOW HITPOINT WARNING * * *
You feel sick.
* * * LOW HITPOINT WARNING * * *
You feel sick.
Found a stone staircase leading down.
You die...

.+## ##..#### ### .
#..... ..... # ..
#######...##
.#.#.##..#
#..........#
..#.....#
.......<...#
##>......#
#..........## #.s.#
.[..........###..##
................#...#
#............#....###
#......)...#.#..###
#..........#.##..#
...........#.#....#
..........<#......#
#######.######....#


There were no monsters in sight!

Vanquished Creatures
  5 killer bees (D:3)
  4 adders
  3 oozes
  A dart slug (D:1)
  A worm (D:2)
  A leopard gecko (D:2)
  An orc (D:2)
  A ball python (D:1)
  5 bats
  2 giant cockroaches (D:2)
  2 goblins (D:2)
  7 hobgoblins
  4 jackals (D:2)
  2 frilled lizards
  3 kobolds
  5 rats
47 creatures vanquished.

Notes
Turn   | Place    | Note
-------+----------+-------------------------------------------
     0 | D:1      | Oravi the Merfolk Transmuter began the quest for the Orb.
     0 | D:1      | Reached XP level 1. HP: 15/15 MP: 3/3
   346 | D:1      | Reached skill level 3 in Transmutations
   502 | D:1      | Reached XP level 2. HP: 19/21 MP: 0/5
  1269 | D:2      | Reached XP level 3. HP: 24/26 MP: 4/6
  1276 | D:2      | Learned a level 2 spell: Sticks to Snakes
  1280 | D:2      | Learned a level 3 spell: Spider Form
  1654 | D:2      | Reached skill level 4 in Transmutations
  1654 | D:2      | Reached XP level 4. HP: 27/32 MP: 2/7
  1909 | D:2      | Found a white marble altar of Elyvilon.
  2017 | D:2      | Reached skill level 1 in Poison Magic
  2084 | D:2      | Found a glowing golden altar of the Shining One.
  2370 | D:3      | Noticed tensugalgo's ghost (amateur BaFi)
  2400 | D:3      | Reached XP level 5. HP: 35/37 MP: 4/8
  2410 | D:3      | Reached skill level 5 in Transmutations
  2417 | D:3      | Reached XP level 6. HP: 31/43 MP: 3/9
  2445 | D:3      | HP: 2/43 [poisoned by a killer bee]
  2448 | D:3      | Succumbed to a killer bee's poison

Skill      XL: |  1  2  3  4  5  6 |
---------------+-------------------+-----
Transmutations | 3 4 5 |  5.5
Dodging        | 3 4 |  4.0
Unarmed Combat | 4 |  4.8
Poison Magic   | 1 2 3 |  3.2
Fighting       | |  1.2
Spellcasting   | |  2.0

Action                   |  1- 3 |  4- 6 || total
-------------------------+-------+-------++-------
Melee: Unarmed           |    88 |    67 ||   155
       Headbutt          |    12 |       ||    12
       Punch             |     1 |       ||     1
       Tailslap          |       |     1 ||     1
 Cast: Beastly Appendage |    15 |     1 ||    16
       Spider Form       |     5 |    13 ||    18
  Use: Scroll            |     5 |       ||     5
       Potion            |       |     2 ||     2
  Eat: Chunk             |     4 |     4 ||     8
Armor: Robe              |    13 |     5 ||    18
       Skin              |       |     4 ||     4
Dodge: Dodged            |    58 |    73 ||   131
